 Dungeon Crawl Stone Soup version 0.24.0-13-gcf9b319 (webtiles) character file.

Game seed: 11594940208086501101, levelgen mode: deterministic

50 Bronimir the Digger (level 4, 0/30 HPs)
             Began as a Formicid Earth Elementalist on Mar 29, 2020.
             Slain by a kobold
             ... wielding a +0 hand axe
              (4 damage)
             ... on level 2 of the Dungeon.
             The game lasted 00:04:18 (1713 turns).

Bronimir the Digger (Formicid Earth Elementalist)   Turns: 1713, Time: 00:04:19

Health: 0/30       AC:  3    Str: 13    XL:     4   Next: 4%
Magic:  5/8        EV: 11    Int: 15    God:
Gold:   67         SH:  0    Dex: 11    Spells: 2/8 levels left

rFire    . . .     SeeInvis +   a - +0 spear (freeze)
rCold    . . .     Gourm    .   (no shield)
rNeg     . . .     Faith    .   p - +0 leather armour
rPois    .         Spirit   .   (helmet unavailable)
rElec    .         Reflect  .   (no cloak)
rCorr    .         Harm     .   (no gloves)
MR       .....                  (no boots)
Stlth    ++........             g - amulet of magic regeneration
HPRegen  0.10/turn              (no ring)
MPRegen  0.36/turn              (no ring)

@: very slightly contaminated
A: permanent stasis, dig shafts and tunnels, four strong arms, antennae 3
a: Dig, Shaft Self


You were on level 2 of the Dungeon.
You were not hungry.

You visited 1 branch of the dungeon, and saw 2 of its levels.

You collected 67 gold pieces.

Inventory:

Hand Weapons
 a - a +0 spear of freezing (weapon)
 b - a +0 hunting sling
 i - a +0 club
 r - a -1 spear
Missiles
 l - 59 stones
 o - 25 arrows
 q - 7 boomerangs (quivered)
Armour
 c - a +0 robe
 h - a cursed +0 ring mail
 p - a +0 leather armour (worn)
Jewellery
 g - an amulet of magic regeneration (around neck)
 j - an uncursed amulet of the acrobat
Potions
 e - a potion of lignification {unknown}
 f - a potion of mutation {unknown}
 k - 2 potions of might {unknown}
 m - a potion of curing {unknown}
Comestibles
 d - 2 rations


   Skills:
 + Level 0.3 Polearms
 * Level 1.0 Armour
 + Level 1.8 Dodging
 - Level 2.4 Stealth
 * Level 2.9 Spellcasting
 * Level 1.2 Transmutations
 * Level 4.6 Earth Magic


You had 2 spell levels left.
You knew the following spells:

 Your Spells              Type           Power        Failure   Level  Hunger
a - Sandblast             Erth           ###...       3%          1    #......
b - Passwall              Tmut/Erth      ##......     12%         2    ##.....
c - Stone Arrow           Conj/Erth      #.....       30%         3    ###....

Your spell library contained the following spells:

 Spells                   Type           Power        Failure   Level  Hunger
 Petrify                  Tmut/Erth      ##......     61%         4    #####..
 Lee's Rapid Deconstruct  Erth           ###.......   71%         5    ######.


Dungeon Overview and Level Annotations

Branches:
Dungeon (2/15)

Altars:
Kikubaaqudgha


Innate Abilities, Weirdness & Mutations

You cannot be hasted, slowed, berserked, paralysed or teleported.
You can dig through walls and to a lower floor.
Your four strong arms can wield two-handed weapons with a shield.
You have a pair of large antennae on your head. (SInv)


Message History

You closely miss the kobold.
The kobold is severely wounded.
The kobold hits you but does no damage.
You hit the kobold but do no damage.
The kobold is severely wounded.
The kobold hits you with a +0 hand axe.
* * * LOW HITPOINT WARNING * * *
You closely miss the kobold.
The kobold is severely wounded.
The kobold hits you with a +0 hand axe.
* * * LOW HITPOINT WARNING * * *
Casting: Sandblast (safe; 3% risk of failure)
Confirm with . or Enter, or press ? or * to list all spells.
Aiming: Sandblast (safe; 3% risk of failure)
Press: ? - help, Shift-Dir - straight line, f - kobold
Aim: a kobold, wielding a +0 hand axe and wearing a +0 leather armour (severely wounded)
The blast of sand misses the kobold.
l - 59 stones The kobold hits you with a +0 hand axe.
You die...

.#.#....##..
...#.##..[.. .....##
....†...##.. ###.......
#........... ..[.....#.
#.......##.# ##........
#...†...## #.......###
#.##.....#.# #..........
...........# #........#
......#.#...##..@K....#
......#...#......)...#.#
......##..####.#.....#
......##..###..........#
......#...##............
####.#..........)......#
# #.#.##...>.#......###
#...#..###.##....##
####..##.## #.# ..###


You could see a kobold.

Vanquished Creatures
  An adder (D:2)
  A dart slug (D:2)
  A giant cockroach (D:1)
  9 goblins
  9 hobgoblins
  4 kobolds
  9 bats
  A frilled lizard (D:2)
  3 rats
38 creatures vanquished.

Notes
Turn   | Place    | Note
-------+----------+-------------------------------------------
     0 | D:1      | Bronimir the Formicid Earth Elementalist began the quest
                  | for the Orb.
     0 | D:1      | Reached XP level 1. HP: 13/13 MP: 3/3
   137 | D:1      | Reached XP level 2. HP: 2/19 MP: 0/5
   446 | D:1      | Reached skill level 4 in Earth Magic
   649 | D:1      | Learned a level 2 spell: Passwall
   835 | D:1      | Reached XP level 3. HP: 20/24 MP: 6/6
  1228 | D:2      | Reached skill level 1 in Armour
  1419 | D:2      | Found an ancient bone altar of Kikubaaqudgha.
  1667 | D:2      | Learned a level 3 spell: Stone Arrow
  1694 | D:2      | Reached XP level 4. HP: 18/30 MP: 4/8
  1713 | D:2      | Slain by a kobold

Levels and vault maps discovered:
D:1:      dpeg_arrival_concentric_ovals, layout_loops_ring,
          grunt_decor_mini_mirrors
D:2:      layout_rooms, kiku_gazebo_pond_becter

Skill      XL: |  1  2  3 |
---------------+----------+-----
Earth Magic    | 4 |  4.6
Armour         | 1 |  1.0
Polearms       | |  0.3
Dodging        | |  1.8
Stealth        | |  2.4
Spellcasting   | |  2.9
Transmutations | |  1.2

Action                   |  1- 3 |  4- 6 || total
-------------------------+-------+-------++-------
Melee: Club              |     7 |       ||     7
       Spear             |    53 |    15 ||    68
Throw: Boomerang         |     1 |       ||     1
 Cast: Sandblast         |    25 |     4 ||    29
  Use: Scroll            |     1 |       ||     1
 Stab: Sleeping          |     4 |       ||     4
  Eat: Chunk             |     3 |       ||     3
Armor: Robe              |    15 |       ||    15
       Leather armour    |     4 |     6 ||    10
Dodge: Dodged            |    55 |     6 ||    61
